 Dungeon Crawl Stone Soup version 0.17-a0-1882-g750edc8 (webtiles) character file.

94817 nubinia the Eclecticist (level 15, -11/68 HPs)
             Began as a Spriggan Earth Elementalist on Sept 20, 2015.
             Was the Champion of Sif Muna.
             Mangled by a harpy simulacrum (14 damage)
             ... in an ice cave on Sept 22, 2015.
             The game lasted 05:34:39 (39440 turns).

nubinia the Eclecticist (SpEE)                     Turns: 39440, Time: 05:34:39

Health: -11/68     AC:  7    Str:  5    XL:     15   Next: 64%
Magic:  39/39      EV: 29    Int: 21    God:    Sif Muna [******]
Gold:   1841       SH:  8    Dex: 21    Spells: 18 memorised, 3 levels left

rFire  . . .     SeeInvis +     b - +3 dagger (flame)
rCold  . . .     Clarity  +     s - +2 robe {MR+}
rNeg   . . .     SustAt   .     P - +1 buckler of the Valley of Death {rElec rCorr SInv}
rPois  .         Gourm    .     (helmet restricted)
rElec  +         Spirit   .     V - +2 cloak of the Thief {+Fog Slay-2 SInv Stlth+}
rCorr  +         Warding  .     (gloves unavailable)
rMut   .         Stasis   .     (boots unavailable)
MR     +++..                    c - amulet of clarity
Stlth  ++++++++..               u - ring of stealth
                                l - +3 ring of dexterity

@: very quick, extremely resistant to hostile enchantments, extraordinarily
stealthy
A: unfitting armour, see invisible, herbivore 3, speed 3, slow metabolism 2
a: Channel Energy, Forget Spell, Renounce Religion, Evoke Fog


You were in an ice cave.
You worshipped Sif Muna.
Sif Muna was exalted by your worship.
You were not hungry.

You visited 5 branches of the dungeon, and saw 27 of its levels.
You also visited: Sewer, Bailey, Ice Cave and Volcano.

You collected 2897 gold pieces.
You spent 1056 gold pieces at shops.

Inventory:

Hand weapons
 b - a +3 dagger of flaming (weapon)
 j - the cursed +1 hand axe "Duxzop" {chop, rC++ Str-3 Dex+6}
   (You bought it in a shop on level 1 of the Snake Pit)

   It inflicts extra damage upon your enemies.
   It affects your strength (-3).
   It affects your dexterity (+6).
   It greatly protects you from cold.
   It has a curse placed upon it.
 p - a +1 mace of protection
Missiles
 a - 271 stones (quivered)
 K - 147 arrows
Armour
 s - a +2 robe of magic resistance (worn)
 y - a +2 cloak
 P - the +1 buckler of the Valley of Death (worn) {rElec rCorr SInv}
   (You acquired it on level 7 of the Dungeon)

   It insulates you from electricity.
   It lets you see invisible.
   It protects you from acid and corrosion.
 V - the +2 cloak of the Thief (worn) {+Fog Slay-2 SInv Stlth+}
   (You acquired it on level 8 of the Lair of Beasts)

   It affects your accuracy and damage with ranged weapons and melee attacks
   (-2).
   It lets you see invisible.
   It can be evoked to emit clouds of fog.
   It makes you more stealthy.
Jewellery
 c - an amulet of clarity (around neck)
 f - an uncursed ring of wizardry
 g - a +3 ring of slaying
 l - a +3 ring of dexterity (left hand)
 u - a ring of stealth (right hand)
 H - an uncursed ring of protection from magic
 U - an uncursed ring of magical power
Magical devices
 m - a wand of draining (9)
 t - a wand of disintegration (13)
 z - a wand of digging (7)
 M - a wand of cold (4)
 R - a wand of digging (2)
 Y - a wand of fire (4)
Scrolls
 e - 2 scrolls of fog
 h - a scroll of magic mapping
 i - 12 scrolls of remove curse
 o - 8 scrolls of teleportation
 q - 4 scrolls of blinking
 v - a scroll of amnesia
 D - a scroll of identify
 I - 4 scrolls of recharging
Potions
 k - a potion of flight
 n - 5 potions of brilliance
 r - 2 potions of resistance
 w - a potion of ambrosia
 x - a potion of beneficial mutation {unknown}
 A - 2 potions of invisibility
 C - a potion of mutation
 O - a potion of agility
 S - 4 potions of curing
 T - a potion of cancellation
Books
 E - Jughuw's Papyrus of Quantum Transmutation
   (Sif Muna gifted it to you on level 2 of the Snake Pit)

   Spells                             Type                      Level
   a - Beastly Appendage              Transmutation                1
   b - Portal Projectile              Translocation                3
   c - Ice Form                       Ice/Transmutation            4
   d - Irradiate                      Conjuration/Transmutation    5
   e - Malign Gateway                 Summoning/Translocation      7
Miscellaneous
 B - a lantern of shadows
 N - a stone of tremors
Comestibles
 d - 5 bread rations
 G - 19 royal jellies
 L - 14 fruits


   Skills:
 + Level 3.2 Fighting
 + Level 4.4 Short Blades
   Level 0.5 Slings
 + Level 10.8 Dodging
 + Level 10.9 Stealth
 + Level 2.3 Shields
 * Level 19.8 Spellcasting
 + Level 2.6 Conjurations
 * Level 7.8 Hexes
 + Level 3.0 Charms
 + Level 3.0 Necromancy
 * Level 11.4 Translocations
 + Level 12.2 Transmutations
 + Level 10.4 Earth Magic
 + Level 0.4 Poison Magic
 + Level 1.5 Evocations


You had 3 spell levels left.
You knew the following spells:

 Your Spells              Type           Power        Failure   Level  Hunger
a - Sandblast             Erth           ######       1%          1    None
b - Dazzling Spray        Conj/Hex       #####...     1%          3    None
c - Passwall              Trmt/Erth      ######....   1%          3    None
d - Stoneskin             Trmt/Erth      ######..     1%          2    None
e - Petrify               Trmt/Erth      ######..     1%          4    None
f - Force Lance           Conj/Tloc      ######..     1%          4    None
g - Shroud of Golubria    Chrm/Tloc      ######....   1%          2    None
h - Sticks to Snakes      Trmt           ######....   1%          2    None
i - Gell's Gravitas       Hex/Tloc       ######....   1%          3    None
j - Passage of Golubria   Tloc           N/A          1%          4    None
k - Recall                Summ/Tloc      N/A          1%          3    None
l - Lee's Rapid Deconstr  Erth           ######....   1%          5    None
m - Stone Arrow           Conj/Erth      #####.       1%          3    None
p - Phase Shift           Tloc           ######....   1%          5    None
A - Apportation           Tloc           ######....   1%          1    None
B - Blink                 Tloc           N/A          1%          2    None
P - Cure Poison           Pois           ###.......   6%          2    None
S - Animate Skeleton      Necr           N/A          1%          1    None


Dungeon Overview and Level Annotations

Branches:
Dungeon (11/15)            Temple (1/1) D:7            Lair (8/8) D:8
 Shoals (0/4) Lair:5        Snake (3/4) Lair:3        Slime (0/6) Lair:7
    Orc (4/4) D:11            Elf (0/3) Orc:4

Altars:
Ashenzari
Cheibriados
Dithmenos
Elyvilon
Fedhas
Gozag
Kikubaaqudgha
Makhleb
Nemelex Xobeh
Okawaru
Qazlal
Ru
Sif Muna
Trog
Vehumet
Xom
Yredelemnul
Zin
The Shining One
Beogh
Jiyva

Shops:
D:7 ?   Orc:4 (*?[   Snake:1 (

Portals:
Trove: D:11 (show abyssal rune of Zot)

Annotations:
D:4 Dowan
D:9 exclusion: door
Orc:4 exclusions: 4 orcs and orc warrior, Saint Roka


Innate Abilities, Weirdness & Mutations

You are tiny and cannot use many weapons and most armour.
You have supernaturally acute eyesight.
You are a herbivore.
You cover ground extremely quickly.
You need consume almost no food.


Message History

2 simulacra come into view.
A draconian simulacrum comes into view. 6 simulacra come into view.
The helpless ettin simulacrum fails to defend itself.
You stick the ettin simulacrum like a pincushion!!!
You melt the ettin simulacrum!
The ettin simulacrum vapourises!
The golden dragon simulacrum bites you!!
The golden dragon simulacrum freezes you!!!
Ouch! That really hurt!
* * * LOW HITPOINT WARNING * * *
You block the golden dragon simulacrum's attack.
The golden dragon simulacrum closely misses you.
The harpy simulacrum completely misses you.
You block the harpy simulacrum's attack.
You block the harpy simulacrum's attack.
The harpy simulacrum claws you.
* * * LOW HITPOINT WARNING * * *
The harpy simulacrum freezes you!
You die...

#≈≈ #≈≈#
≈≈##. ###
≈≈##.#
##.##≈##..#
#..#≈##Z..
##.Z.##.Z#
#.@#.#ZZZ#
###
##.##.#..#
##.##
#..###Z..#
#...#
#.####§Z##
### #...#
#.##.####
#.# ##.#.##
#...#.# #.#
##..#..#
##.####
##.#
#..###.#
#..####
#..#
##.###.##
##..#.##
##.#


You could see a harpy simulacrum.

Vanquished Creatures
  Nessos (Lair:5)
  Azrael (Orc:4)
  4 hydras
  6 naga warriors
  An ogre mage (Volcano)
  3 death yaks (Lair:8)
  5 anacondas
  3 orc high priests (Orc:4)
  2 naga sharpshooters (Snake:2)
  4 shock serpents
  An ice devil (IceCv)
  A hill giant (D:10)
  2 mana vipers
  The ghost of Rayvis the Cleaver, an experienced MiFi (D:7)
  6 orc sorcerers
  6 orc knights
  6 salamanders
  A griffon (Lair:6)
  2 guardian serpents
  A siren (Lair:5)
  19 black mambas
  A molten gargoyle (Lair:5)
  Joseph (D:8)
  5 naga magi
  An elephant (Lair:5)
  A torpor snail (Lair:3)
  13 spiny frogs
  8 komodo dragons
  7 fire drakes
  2 freezing wraiths (IceCv)
  4 polar bears (Lair:8)
  A queen bee (D:9)
  14 blink frogs
  2 raiju (Lair:8)
  4 two-headed ogres (Volcano)
  A boulder beetle (Lair:6)
  A wyvern (D:11)
  A redback (Lair:8)
  Sigmund (D:5)
  A shadow (D:8)
  Eustachio (D:6)
  A death yak simulacrum (IceCv)
  2 hungry ghosts
  2 basilisks
  32 yaks
  6 fire elementals (Orc:4)
  10 hippogriffs
  A wraith (D:11)
  Menkaure (D:5)
  6 wolves (Lair:8)
  5 hell hounds
  7 wargs
  4 porcupines
  2 ice beasts
  Duvessa (D:4)
  19 water moccasins
  15 nagas
  5 spiders (Lair:8)
  11 orc warriors
  An alligator simulacrum (IceCv)
  7 black bears
  An eye of draining (D:11)
  3 wasps
  An ettin simulacrum (IceCv)
  A sky beast (D:6)
  2 phantoms
  4 centaurs
  7 ogres
  2 big kobolds
  13 crocodiles
  19 giant frogs
  A wyvern skeleton (D:8)
  3 scorpions
  31 killer bees
  2 oklob saplings (D:9)
  8 wights
  An electric eel (Lair:1)
  3 crimson imps
  A draconian simulacrum (IceCv)
  4 lava snakes
  A quasit (D:10)
  3 centaur zombies
  2 centaur skeletons
  5 jellies
  16 orc priests
  10 hounds
  3 giant frog skeletons
  9 iguanas
  16 worker ants
  24 orc wizards
  25 sheep
  A troll simulacrum (IceCv)
  A centaur simulacrum (IceCv)
  A spriggan simulacrum (IceCv)
  A hound skeleton (D:4)
  A worker ant zombie (D:6)
  2 naga simulacra (IceCv)
  25 adders
  23 river rats
  2 ogre simulacra (IceCv)
  4 shadow imps
  10 white imps (Snake:3)
  2 ufetubi (IceCv)
  6 oozes
  8 worms
  10 giant geckos
  100 orcs
  7 giant cockroaches
  10 goblins
  8 hobgoblins
  25 jackals
  A quokka (D:9)
  9 ball pythons
  A ball python skeleton (D:5)
  17 bats
  A giant gecko skeleton (D:6)
  6 giant newts
  12 kobolds
  2 quokka skeletons
  2 rats (D:1)
  A bush (D:9)
  2 plants (D:9)
806 creatures vanquished.

Vanquished Creatures (collateral kills)
  3 hydras (Lair:6)
  An anaconda (Snake:2)
  2 death yaks (Lair:8)
  A naga sharpshooter (Snake:2)
  A naga ritualist (Snake:1)
  A mana viper (Snake:1)
  An orc knight (Orc:2)
  2 salamanders
  A hornet (Lair:8)
  5 black mambas
  A naga mage (Snake:2)
  4 spiny frogs
  A komodo dragon (Lair:3)
  4 polar bears (Lair:8)
  9 blink frogs
  21 yaks
  A steam dragon (D:11)
  A deep elf mage (D:11)
  2 hippogriffs
  A mottled dragon (D:11)
  3 wargs (Lair:8)
  7 wolves (Lair:8)
  A porcupine (Lair:4)
  2 spiders (Lair:8)
  6 black bears (Lair:8)
  4 water moccasins
  4 crocodiles
  A giant frog (Lair:6)
  A scorpion (D:10)
  7 hounds (Lair:8)
  2 orc wizards
  4 sheep
  3 river rats (Lair:5)
  11 orcs
  A quokka (D:10)
  4 fungi
  A plant (Lair:8)
125 creatures vanquished.

Vanquished Creatures (others)
  An orc (Orc:2)
  A bush (Lair:5)
  56 fungi
  52 plants
110 creatures vanquished.

Grand Total: 1041 creatures vanquished

Notes
Turn   | Place    | Note
--------------------------------------------------------------
     0 | D:1      | nubinia the Spriggan Earth Elementalist began the quest for the Orb.
     0 | D:1      | Reached XP level 1. HP: 9/9 MP: 5/5
   349 | D:1      | Reached XP level 2. HP: 8/13 MP: 2/6
   473 | D:1      | Learned a level 2 spell: Stoneskin
  1133 | D:1      | Reached XP level 3. HP: 16/16 MP: 2/8
  1138 | D:1      | Learned a level 3 spell: Passwall
  1852 | D:2      | Reached XP level 4. HP: 21/21 MP: 9/9
  1857 | D:2      | Learned a level 3 spell: Stone Arrow
  2535 | D:3      | Found a glowing drain.
  2540 | Sewer    | Entered a sewer
  2544 | Sewer    | Reached skill level 4 in Stealth
  3491 | Sewer    | Reached XP level 5. HP: 25/25 MP: 11/11
  4332 | D:3      | Found a basalt altar of Yredelemnul.
  4374 | D:3      | Found a shimmering altar of Xom.
  4381 | D:3      | Found a glowing golden altar of the Shining One.
  4409 | D:3      | Found an opulent altar of Gozag.
  5085 | D:4      | Reached XP level 6. HP: 29/29 MP: 7/13
  5130 | D:4      | Noticed an ogre
  5138 | D:4      | Killed an ogre
  5373 | D:4      | Reached skill level 1 in Short Blades
  5373 | D:4      | Reached skill level 5 in Stealth
  5406 | D:4      | Noticed Dowan
  5411 | D:4      | Noticed Duvessa
  5682 | D:5      | Entered Level 5 of the Dungeon
  5682 | D:5      | Found an ancient bone altar of Kikubaaqudgha.
  5682 | D:5      | Found a blossoming altar of Fedhas.
  5682 | D:5      | Found a bloodstained altar of Trog.
  5682 | D:5      | Noticed Sigmund
  5685 | D:5      | Killed Sigmund
  5685 | D:5      | Reached XP level 7. HP: 28/32 MP: 12/15
  5743 | D:5      | Noticed Menkaure
  6601 | D:5      | Reached skill level 5 in Spellcasting
  7015 | D:4      | Killed Duvessa
  7015 | D:4      | Reached skill level 5 in Transmutations
  7111 | D:4      | Reached skill level 6 in Stealth
  7494 | D:5      | HP: 1/32 [Menkaure (8)]
  7496 | D:5      | Killed Menkaure
  7496 | D:5      | Reached skill level 5 in Dodging
  7496 | D:5      | Reached skill level 5 in Earth Magic
  7898 | D:6      | Found a white marble altar of Elyvilon.
  7908 | D:6      | Noticed Eustachio
  7921 | D:6      | Killed Eustachio
  7921 | D:6      | Reached XP level 8. HP: 37/37 MP: 14/17
  8358 | D:6      | Reached skill level 1 in Fighting
  8516 | D:6      | Found a radiant altar of Vehumet.
  8553 | D:6      | Reached skill level 7 in Stealth
  9398 | D:7      | Noticed Rayvis's ghost (experienced MiFi)
  9453 | D:7      | Found Qewnohituru's Magic Scroll Emporium.
  9461 | D:7      | Bought a scroll of identify for 28 gold pieces
  9461 | D:7      | Bought a scroll of identify for 28 gold pieces
  9808 | D:7      | Found a snail-covered altar of Cheibriados.
  9865 | D:7      | Found a staircase to the Ecumenical Temple.
  9873 | Temple   | Entered the Ecumenical Temple
  9961 | Temple   | Became a worshipper of Sif Muna the Loreminder
  9976 | D:7      | Learned a level 4 spell: Petrify
 10070 | D:7      | Killed Rayvis's ghost
 10070 | D:7      | Reached XP level 9. HP: 41/41 MP: 3/21
 10492 | D:8      | Found a basalt altar of Yredelemnul.
 10621 | D:8      | Acquired Sif Muna's first power
 10774 | D:8      | Reached skill level 8 in Spellcasting
 11145 | D:8      | Noticed Joseph
 11313 | D:8      | Reached skill level 9 in Spellcasting
 11370 | D:8      | Acquired Sif Muna's second power
 11570 | D:8      | Found a staircase to the Lair.
 11776 | D:9      | Found a blossoming altar of Fedhas.
 11880 | D:9      | Found a flagged portal.
 11890 | Bailey   | Entered a bailey
 12327 | Bailey   | Noticed an orc knight
 12335 | Bailey   | Noticed an orc knight
 12335 | Bailey   | Noticed an orc knight
 12538 | Bailey   | Reached XP level 10. HP: 45/45 MP: 24/24
 12544 | Bailey   | Killed an orc knight
 12624 | Bailey   | Killed an orc knight
 12624 | Bailey   | Reached skill level 10 in Spellcasting
 12659 | Bailey   | Killed an orc knight
 12900 | D:9      | Learned a level 5 spell: Lee's Rapid Deconstruction
 12904 | D:9      | Learned a level 3 spell: Gell's Gravitas
 12951 | D:9      | Reached skill level 1 in Evocations
 12991 | D:9      | Reached skill level 1 in Conjurations
 13258 | D:10     | Entered Level 10 of the Dungeon
 13627 | D:9      | Reached skill level 1 in Translocations
 13686 | D:9      | Acquired Sif Muna's third power
 13686 | D:9      | Reached skill level 14 in Spellcasting
 13686 | D:9      | Reached XP level 11. HP: 49/49 MP: 17/30
 15332 | D:9      | Identified the Papyrus of Nature
 15379 | D:9      | Learned a level 2 spell: Sticks to Snakes
 15512 | D:9      | Upgraded the game from 0.17-a0-1863-g715b4b0 to 0.17-a0-1880-gacf7e67
 16327 | Lair:1   | Entered Level 1 of the Lair of Beasts
 16418 | Lair:1   | Found a dark tunnel.
 16525 | Volcano  | Entered a volcano
 16592 | Volcano  | Found a radiant altar of Vehumet.
 16592 | Volcano  | Noticed an ogre mage
 16602 | Volcano  | Reached skill level 15 in Spellcasting
 16616 | Volcano  | Killed an ogre mage
 16616 | Volcano  | Received a gift from Sif Muna
 16617 | Volcano  | Identified Sif Muna's Handbook of Earth (Sif Muna gifted it to you in a volcano)
 16714 | Volcano  | Reached XP level 12. HP: 53/53 MP: 29/32
 18135 | Lair:2   | Reached skill level 1 in Hexes
 18356 | D:8      | Killed Joseph
 18424 | D:7      | Bought a scroll of acquirement for 728 gold pieces
 18425 | D:7      | Got a slimy buckler
 18431 | D:7      | Identified the +1 buckler of the Valley of Death {rElec rCorr SInv} (You acquired it on level 7 of the Dungeon)
 19392 | Lair:3   | Noticed an eight-headed hydra
 19406 | Lair:3   | Killed an eight-headed hydra
 19406 | Lair:3   | Reached skill level 5 in Translocations
 19558 | Lair:3   | Found a staircase to the Snake Pit.
 19816 | Lair:3   | Received a gift from Sif Muna
 19819 | Lair:3   | Reached skill level 10 in Transmutations
 19823 | Lair:3   | Learned a level 1 spell: Apportation
 19825 | Lair:3   | Learned a level 1 spell: Animate Skeleton
 20020 | Lair:3   | Reached skill level 16 in Spellcasting
 20711 | Lair:4   | You fall through a shaft for 2 floors!
 20712 | Lair:6   | Noticed a four-headed hydra
 20725 | Lair:6   | Learned a level 2 spell: Blink
 20728 | Lair:6   | Learned a level 2 spell: Shroud of Golubria
 20878 | Lair:5   | Noticed Nessos
 21185 | Lair:4   | Reached skill level 1 in Charms
 21193 | Lair:4   | Reached XP level 13. HP: 45/58 MP: 34/34
 21975 | Lair:5   | Killed Nessos
 22403 | Lair:5   | Got a sparkling tin ring
 22405 | Lair:5   | Identified the ring "Wazoc" {+/*Tele rC+ Str-3 Stlth+} (You found it on level 5 of the Lair of Beasts)
 22414 | Lair:5   | Found a staircase to the Shoals.
 22647 | Lair:5   | HP: 2/58 [poisoned by a spiny frog]
 22655 | Lair:5   | HP: 2/58 [poisoned by a spiny frog]
 23083 | Lair:1   | Learned a level 2 spell: Cure Poison
 23088 | Lair:1   | Learned a level 4 spell: Passage of Golubria
 24507 | Lair:6   | Reached skill level 1 in Shields
 24514 | Lair:6   | Noticed a seven-headed hydra
 24540 | Lair:6   | Killed a seven-headed hydra
 24540 | Lair:6   | Received a gift from Sif Muna
 24540 | Lair:6   | Reached skill level 1 in Necromancy
 24541 | Lair:6   | Identified Lytaocw's Tome of Changing (Sif Muna gifted it to you on level 6 of the Lair of Beasts)
 24762 | Lair:6   | Noticed a six-headed hydra
 24814 | Lair:6   | Killed a six-headed hydra
 24814 | Lair:6   | Reached skill level 5 in Hexes
 25064 | Lair:6   | Reached skill level 17 in Spellcasting
 25267 | Lair:6   | Killed a four-headed hydra
 25494 | Lair:7   | Gained mutation: You are frail (-10% HP). [potion of mutation]
 25494 | Lair:7   | Gained mutation: Potions and wands are less effective at restoring your health. [potion of mutation]
 25495 | Lair:7   | Lost mutation: You are frail (-10% HP). [potion of cure mutation]
 25495 | Lair:7   | Lost mutation: Potions and wands are less effective at restoring your health. [potion of cure mutation]
 25718 | Lair:7   | Reached skill level 10 in Stealth
 25832 | Lair:7   | Found a viscous altar of Jiyva.
 25833 | Lair:7   | Found a staircase to the Slime Pits.
 26073 | Lair:8   | Entered Level 8 of the Lair of Beasts
 26339 | Lair:8   | Learned a level 3 spell: Recall
 26605 | Lair:8   | Reached XP level 14. HP: 63/63 MP: 36/36
 26699 | Lair:8   | Received a gift from Sif Muna
 26700 | Lair:8   | Identified Sif Muna's Disquisition on Translocation (Sif Muna gifted it to you on level 8 of the Lair of Beasts)
 26707 | Lair:8   | Learned a level 5 spell: Phase Shift
 27182 | Lair:8   | Got a warped spear
 27189 | Lair:8   | Identified the cursed +2 spear "Lyipri" {venom, *Rage rPois Dex+3} (You found it on level 8 of the Lair of Beasts)
 27259 | Lair:8   | Identified a -2 rod of the swarm (13/13) (You found it on level 8 of the Lair of Beasts)
 28444 | Lair:8   | Reached skill level 18 in Spellcasting
 28670 | Lair:1   | Learned a level 4 spell: Force Lance
 30157 | D:11     | Found a staircase to the Orcish Mines.
 30270 | D:11     | Reached skill level 10 in Earth Magic
 30501 | D:11     | Found a portal to a secret trove of treasure.
 30502 | D:11     | Reached skill level 10 in Dodging
 30687 | Orc:1    | Entered Level 1 of the Orcish Mines
 32080 | Orc:4    | Entered Level 4 of the Orcish Mines
 32190 | Orc:4    | Upgraded the game from 0.17-a0-1880-gacf7e67 to 0.17-a0-1882-g750edc8
 32302 | Orc:4    | Found a roughly hewn altar of Beogh.
 32328 | Orc:4    | Noticed Saint Roka
 32424 | Orc:4    | Reached skill level 10 in Translocations
 32497 | Orc:4    | Noticed Azrael
 32661 | Orc:4    | Killed Azrael
 32661 | Orc:4    | Received a gift from Sif Muna
 32662 | Orc:4    | Identified Sif Muna's Almanac of Earthen Transformation (Sif Muna gifted it to you on level 4 of the Orcish Mines)
 32792 | Orc:4    | Found a staircase to the Elven Halls.
 33021 | Orc:4    | Found Qusiez's Antique Armour Shop.
 33942 | Orc:4    | Found Zef Cops's Assorted Antiques.
 33949 | Orc:4    | Found Rusib's Weapon Shoppe.
 33951 | Orc:4    | Found Vuogus's Magic Scroll Shop.
 34263 | Lair:3   | Learned a level 3 spell: Dazzling Spray
 34280 | Snake:1  | Entered Level 1 of the Snake Pit
 34519 | Snake:1  | Reached XP level 15. HP: 68/68 MP: 38/38
 35043 | Snake:1  | Found Weonkan's Antique Weapon Shop.
 35049 | Snake:1  | Bought a slimy hand axe for 272 gold pieces
 35049 | Snake:1  | Identified the cursed +1 hand axe "Duxzop" {chop, rC++ Str-3 Dex+6} (You bought it in a shop on level 1 of the Snake Pit)
 35653 | Snake:1  | Reached skill level 19 in Spellcasting
 37244 | Snake:2  | Received a gift from Sif Muna
 37245 | Snake:2  | Identified Jughuw's Papyrus of Quantum Transmutation (Sif Muna gifted it to you on level 2 of the Snake Pit)
 38669 | Snake:3  | Found a frozen archway.
 38711 | Snake:3  | HP: 3/68 [salamander (10)]
 38724 | IceCv    | Entered an ice cave
 39440 | IceCv    | HP: 3/68 [harpy simulacrum (5)]
 39440 | IceCv    | Mangled by a harpy simulacrum

Vault maps used:
D:1:      dpeg_arrival_leaves_temple_mockup
D:3:      nicolae_overflow_quartered_altars, portal_sewer_entry_e,
          grunt_ministairs_5
D:4:      uniq_duvessa
D:5:      grunt_temple_overflow_open, first_bread, uniq_sigmund, uniq_menkaure
D:6:      lemuel_round_altar, elyvilon_altar_1, grunt_ministairs_9,
          uniq_eustachio
D:7:      lemuel_doored_altar, minmay_temple_entry_purple_smoke, serial_shops,
          shop
D:8:      lair_0_dummy, basic_altar, uniq_joseph
D:9:      enter_bailey_2, david_nohive_1, introduction_to_nature_2
D:10:     minmay_misc_feat_five
D:11:     orc_0_dummy, enter_trove_2, minivault_26, dk_noncrumbling_4
Temple:   dpeg_three_leaves_temple_9
Lair:1:   lightli_volcano_entry_magma_tube, nicolae_quartered_pool_medium,
          grunt_forest_small_clearings, serial_bayou_shore_b
Lair:2:   nicolae_lair_grove_arrangements
Lair:3:   guppyfry_snake_entry_island
Lair:4:   hibernation_bobbens
Lair:5:   cheibrodos_magma_flow, minmay_shoals_entry_lonely_mermaid,
          beast_lair_carwin_9, uniq_nessos
Lair:7:   slime_altar_1
Lair:8:   hangedman_lair_caniforms_friends, hangedman_lair_tendril_chambers,
          minmay_lair_drake_nest
Snake:1:  serial_shops, shop
Snake:3:  portal_ice_cave_entry_imps, grunt_ministairs_3, lemuel_oklob_altar,
          lemuel_fruit_tree
Orc:2:    nicolae_orc_damp_corner, nicolae_orc_pool_cavern
Orc:3:    uniq_snorg
Orc:4:    st_orc_elflike, basic_altar, uniq_azrael, uniq_saint_roka
Sewer:    sewer_fruit_machine
Bailey:   bailey_polearm_1, bailey
IceCv:    ice_cave_caverns_01
Volcano:  volcano_grotto

Action                   |  1- 3 |  4- 6 |  7- 9 | 10-12 | 13-15 || total
-------------------------+-------+-------+-------+-------+-------++-------
Melee: Short sword       |    34 |       |     1 |    20 |       ||    55
       Dagger            |    37 |   129 |   416 |   493 |  1246 ||  2321
       Spear             |       |       |       |       |     6 ||     6
       Mace              |       |       |       |       |     5 ||     5
 Fire: Hunting sling     |       |       |       |     9 |       ||     9
 Cast: Sandblast         |    34 |    85 |   169 |    91 |   256 ||   635
       Stoneskin         |       |     2 |    15 |    41 |    88 ||   146
       Passwall          |       |       |     1 |       |       ||     1
       Stone Arrow       |       |       |     5 |   142 |   107 ||   254
       Petrify           |       |       |       |    11 |    32 ||    43
       Lee's Rapid Decon |       |       |       |    10 |    61 ||    71
       Sticks to Snakes  |       |       |       |    13 |    54 ||    67
       Animate Skeleton  |       |       |       |    28 |   198 ||   226
       Shroud of Golubri |       |       |       |     6 |    96 ||   102
       Cure Poison       |       |       |       |       |    12 ||    12
       Force Lance       |       |       |       |       |    85 ||    85
       Phase Shift       |       |       |       |       |    39 ||    39
       Dazzling Spray    |       |       |       |       |    46 ||    46
       Apportation       |       |       |       |       |     5 ||     5
       Passage of Golubr |       |       |       |       |     2 ||     2
Evoke: Wand              |       |       |     6 |     6 |     8 ||    20
  Use: Scroll            |     3 |     9 |    11 |     6 |    12 ||    41
       Potion            |     1 |     3 |     4 |     6 |     6 ||    20
 Stab: Sleeping          |     6 |    17 |    23 |    25 |    67 ||   138
       Distracted        |       |     3 |     2 |     6 |    21 ||    32
       Petrifying        |       |       |       |     2 |     3 ||     5
       Petrified         |       |       |       |       |     6 ||     6
       Invisible         |       |       |       |       |    15 ||    15
  Eat: Bread ration      |       |     1 |     1 |     2 |     3 ||     7
       Pizza             |       |       |       |       |     3 ||     3
